3A
HARRISBURG HARRIERS @ LOUISIANA DRAGOONS
08/07/2020
 
TOP OF THE 1ST
Harrisburg Harriers batting - Pitching for Louisiana Dragoons : RHP Ben Fleming
Pitching: RHP Ben Fleming
Batting: RHB Bartolo Benítez 0-0: Ball
1-0: Ball
2-0: Foul Ball, location: 2F
2-1: Swinging Strike
2-2: Strikes out swinging
Batting: RHB Patrizio Vanali 0-0: TRIPLE (Line Drive, 8LD)
Batting: RHB Bartolo Morales 0-0: Called Strike
0-1: Swinging Strike
0-2: SINGLE (Flyball, 9S)
Patrizio Vanali scores
Batting: RHB Keith MacKey 0-0: Ball
1-0: Grounds into double play, 5-4-3 (Groundball, 56)
Top of the 1st over - 1 run(s), 2 hit(s), 0 error(s), 0 left on base; Harrisburg 1 - Louisiana 0
BOTTOM OF THE 1ST
Louisiana Dragoons batting - Pitching for Harrisburg Harriers : LHP Evan Koopman
Pitching: LHP Evan Koopman
Batting: RHB Ralph McKnight 0-0: Ball
1-0: Ball
2-0: Ball
3-0: Base on Balls
Batting: RHB José Fuentes 0-0: Called Strike
0-1: Ball
1-1: TRIPLE (Line Drive, 9LS)
Ralph McKnight scores
Batting: RHB Victorino Navarro 0-0: Called Strike
0-1: Called Strike
0-2: Ball
1-2: Ball
2-2: Foul Ball, location: 2F
2-2: Ball
3-2: Base on Balls
Batting: SHB Phil Moore 0-0: Fly out, F8 (Flyball, 8RM)
Runner from 3rd tags up, OUT at HOME
Victorino Navarro to second
Batting: RHB Sancho Rodríguez 0-0: Ball
1-0: Ball
2-0: Ball
3-0: Called Strike
3-1: Base on Balls
Batting: SHB Manuel González 0-0: Fly out, F7 (Line Drive, 7M)
Bottom of the 1st over - 1 run(s), 1 hit(s), 0 error(s), 2 left on base; Harrisburg 1 - Louisiana 1
TOP OF THE 2ND
Harrisburg Harriers batting - Pitching for Louisiana Dragoons : RHP Ben Fleming
Batting: RHB Martín Álvarez 0-0: Foul Ball, location: 2F
0-1: Ball
1-1: Ground out 6-3 (Groundball, 6)
Batting: RHB Jim Scott 0-0: Ball
1-0: Ball
2-0: Called Strike
2-1: Foul Ball, location: 2F
2-2: Ball
3-2: Strikes out looking
Batting: LHB Eric Porter 0-0: Fly out, F9 (Flyball, 89M)
Top of the 2nd over - 0 run(s), 0 hit(s), 0 error(s), 0 left on base; Harrisburg 1 - Louisiana 1
BOTTOM OF THE 2ND
Louisiana Dragoons batting - Pitching for Harrisburg Harriers : LHP Evan Koopman
Batting: RHB Wessel Wemerman 0-0: Called Strike
0-1: Ball
1-1: Called Strike
1-2: Ball
2-2: Ball
3-2: DOUBLE (Line Drive, 7LM)
Batting: LHB Javier Antonio 0-0: Ball
1-0: Ball
2-0: Ball
3-0: Base on Balls
Batting: LHB Gustavo Vázquez 0-0: Foul Ball, location: 2F
0-1: Fielders Choice at 2nd, 3-6 (Groundball, 3)
Wessel Wemerman to third
Batting: RHB Ralph McKnight 0-0: Fly out, F9 (Flyball, 9S)
Runner from 3rd tags up, SCORES, throw made
Batting: RHB José Fuentes 0-0: Ball
1-0: Called Strike
1-1: Swinging Strike
1-2: Foul Ball, location: 2F
1-2: Foul Ball, location: 2F
1-2: Ground out 5-3 (Groundball, 5)
Bottom of the 2nd over - 1 run(s), 1 hit(s), 0 error(s), 1 left on base; Harrisburg 1 - Louisiana 2
TOP OF THE 3RD
Harrisburg Harriers batting - Pitching for Louisiana Dragoons : RHP Ben Fleming
Batting: RHB Mike Greene 0-0: Called Strike
0-1: Foul Ball, location: 2F
0-2: SINGLE (Line Drive, 4MD)
Batting: RHB Jim Unknown 0-0: Foul Ball, location: 2F
0-1: Ball
1-1: Foul Ball, location: 2F
1-2: Strikes out swinging
Batting: RHB Bartolo Benítez 0-0: Fielders Choice at 2nd, 4-6 (Groundball, 4)
Batting: RHB Patrizio Vanali 0-0: Ball
Bartolo Benítez steals 2nd base
1-0: SINGLE (Line Drive, 89S)
Bartolo Benítez to third
Runner from 3rd tries for Home, SAFE, no throw or cutoff
Batting: RHB Bartolo Morales 0-0: Fly out, F8 (Flyball, 8RS)
Top of the 3rd over - 1 run(s), 2 hit(s), 0 error(s), 1 left on base; Harrisburg 2 - Louisiana 2
BOTTOM OF THE 3RD
Louisiana Dragoons batting - Pitching for Harrisburg Harriers : LHP Evan Koopman
Batting: RHB Victorino Navarro 0-0: Called Strike
0-1: SINGLE (Flyball, 8RS)
Batting: SHB Phil Moore 0-0: Ball
1-0: Foul Ball, location: 2F
1-1: Ball
2-1: DOUBLE (Flyball, 89M)
Victorino Navarro to third
Batting: RHB Sancho Rodríguez 0-0: Called Strike
0-1: Fly out, F8 (Flyball, 8LM)
Runner from 3rd tags up, SCORES, no throw
Batting: SHB Manuel González 0-0: Ball
1-0: Fly out, F8 (Flyball, 89M)
Batting: RHB Wessel Wemerman 0-0: SINGLE (Groundball, 6MD)
Phil Moore to third
Runner from 3rd tries for Home, SAFE, no throw or cutoff
Batting: LHB Javier Antonio 0-0: Called Strike
0-1: Fly out, F7 (Flyball, 8LS)
Bottom of the 3rd over - 2 run(s), 3 hit(s), 0 error(s), 1 left on base; Harrisburg 2 - Louisiana 4
TOP OF THE 4TH
Harrisburg Harriers batting - Pitching for Louisiana Dragoons : RHP Ben Fleming
Batting: RHB Keith MacKey 0-0: Called Strike
0-1: Fly out, F7 (Line Drive, 7S)
Batting: RHB Martín Álvarez 0-0: Ball
1-0: Foul Ball, location: 2F
1-1: Foul Ball, location: 2F
1-2: Ball
2-2: Strikes out swinging
Batting: RHB Jim Scott 0-0: Called Strike
0-1: Fly out, F8 (Popup, 6MD)
Top of the 4th over - 0 run(s), 0 hit(s), 0 error(s), 0 left on base; Harrisburg 2 - Louisiana 4
BOTTOM OF THE 4TH
Louisiana Dragoons batting - Pitching for Harrisburg Harriers : LHP Evan Koopman
Batting: LHB Gustavo Vázquez 0-0: Ball
1-0: Swinging Strike
1-1: Ball
2-1: Foul Ball, location: 2F
2-2: Strikes out swinging
Batting: RHB Ralph McKnight 0-0: Called Strike
0-1: Ground out U3 (Groundball, 3S)
Batting: RHB José Fuentes 0-0: Ball
1-0: Swinging Strike
1-1: Swinging Strike
1-2: Foul Ball, location: 2F
1-2: Ball
2-2: Ball
3-2: Foul Ball, location: 2F
3-2: Foul Ball, location: 2F
3-2: Foul Ball, location: 2F
3-2: Foul Ball, location: 2F
3-2: Foul Ball, location: 2F
3-2: Foul Ball, location: 2F
3-2: Base on Balls
Batting: RHB Victorino Navarro 0-0: Called Strike
0-1: Swinging Strike
0-2: Strikes out swinging
Bottom of the 4th over - 0 run(s), 0 hit(s), 0 error(s), 1 left on base; Harrisburg 2 - Louisiana 4
TOP OF THE 5TH
Harrisburg Harriers batting - Pitching for Louisiana Dragoons : RHP Ben Fleming
Batting: LHB Eric Porter 0-0: Called Strike
0-1: Ball
1-1: Ground out 4-3 (Groundball, 4)
Batting: RHB Mike Greene 0-0: Called Strike
0-1: Ground out 4-3 (Groundball, 4)
Batting: RHB Jim Unknown 0-0: Ball
1-0: Foul Ball, location: 2F
1-1: Called Strike
1-2: Ball
2-2: Strikes out swinging
Top of the 5th over - 0 run(s), 0 hit(s), 0 error(s), 0 left on base; Harrisburg 2 - Louisiana 4
BOTTOM OF THE 5TH
Louisiana Dragoons batting - Pitching for Harrisburg Harriers : LHP Evan Koopman
Batting: SHB Phil Moore 0-0: Fly out, F9 (Flyball, 9D)
Batting: RHB Sancho Rodríguez 0-0: Ball
1-0: Swinging Strike
1-1: Ball
2-1: Ball
3-1: Base on Balls
Batting: SHB Manuel González 0-0: Ball
1-0: Ball
2-0: SINGLE (Line Drive, 78M)
Sancho Rodríguez to second
Batting: RHB Wessel Wemerman 0-0: Ball
1-0: Ball
2-0: Foul Ball, location: 2F
2-1: Ball
3-1: Foul Ball, location: 2F
3-2: Foul Ball, location: 2F
3-2: Foul Ball, location: 2F
3-2: SINGLE (Groundball, 6MD)
Sancho Rodríguez to third
Manuel González to second
Runner from 3rd tries for Home, SAFE, no throw or cutoff
Pitching: LHP Rob Smith
Batting: LHB Javier Antonio 0-0: Fly out, F6 (Popup, 56D)
Batting: LHB Gustavo Vázquez 0-0: Called Strike
0-1: Ball
1-1: Swinging Strike
1-2: Strikes out looking
Bottom of the 5th over - 1 run(s), 2 hit(s), 0 error(s), 2 left on base; Harrisburg 2 - Louisiana 5
TOP OF THE 6TH
Harrisburg Harriers batting - Pitching for Louisiana Dragoons : RHP Ben Fleming
Batting: RHB Bartolo Benítez 0-0: Ball
1-0: Fly out, F6 (Line Drive, 6M)
Batting: RHB Patrizio Vanali 0-0: Ball
1-0: Called Strike
1-1: Ground out 6-3 (Groundball, 6M)
Batting: RHB Bartolo Morales 0-0: Called Strike
0-1: Fly out, F4 (Popup, 4M)
Top of the 6th over - 0 run(s), 0 hit(s), 0 error(s), 0 left on base; Harrisburg 2 - Louisiana 5
BOTTOM OF THE 6TH
Louisiana Dragoons batting - Pitching for Harrisburg Harriers : LHP Rob Smith
Batting: RHB Ralph McKnight 0-0: Ball
1-0: Ball
2-0: Called Strike
2-1: Fly out, F7 (Popup, 6MD)
Batting: RHB José Fuentes 0-0: Ball
1-0: Fly out, F5 (Popup, 5DF)
Batting: RHB Victorino Navarro 0-0: Ball
1-0: Ball
2-0: Called Strike
2-1: Ground out 6-3 (Groundball, 6M)
Bottom of the 6th over - 0 run(s), 0 hit(s), 0 error(s), 0 left on base; Harrisburg 2 - Louisiana 5
TOP OF THE 7TH
Harrisburg Harriers batting - Pitching for Louisiana Dragoons : RHP Ben Fleming
Batting: RHB Keith MacKey 0-0: Ground out 6-3 (Groundball, 6)
Batting: RHB Martín Álvarez 0-0: Fly out, F9 (Flyball, 89M)
Batting: RHB Jim Scott 0-0: Called Strike
0-1: Ground out 5-3 (Groundball, 56S)
Top of the 7th over - 0 run(s), 0 hit(s), 0 error(s), 0 left on base; Harrisburg 2 - Louisiana 5
BOTTOM OF THE 7TH
Louisiana Dragoons batting - Pitching for Harrisburg Harriers : LHP Rob Smith
Batting: SHB Phil Moore 0-0: Ball
1-0: Ball
2-0: Ball
3-0: Called Strike
3-1: Base on Balls
Batting: RHB Sancho Rodríguez 0-0: Foul Ball, location: 2F
0-1: Ball
1-1: Ball
2-1: Foul Ball, location: 2F
2-2: Foul Ball, location: 2F
2-2: Strikes out swinging
Batting: SHB Manuel González 0-0: Swinging Strike
0-1: Fly out, F8 (Line Drive, 8LD)
Batting: RHB Wessel Wemerman 0-0: Ball
1-0: Called Strike
1-1: Called Strike
1-2: Ball
2-2: Strikes out swinging
Bottom of the 7th over - 0 run(s), 0 hit(s), 0 error(s), 1 left on base; Harrisburg 2 - Louisiana 5
TOP OF THE 8TH
Harrisburg Harriers batting - Pitching for Louisiana Dragoons : RHP Ben Fleming
Now in RF: Juan Barbán
Batting: LHB Eric Porter 0-0: Foul Ball, location: 2F
0-1: Ball
1-1: Fly out, F7 (Popup, 5D)
Batting: RHB Mike Greene 0-0: Ball
1-0: Ball
2-0: Foul Ball, location: 2F
2-1: Ball
3-1: Base on Balls
Batting: RHB Jim Unknown 0-0: Grounds into double play, 6-4-3 (Groundball, 6MD)
Top of the 8th over - 0 run(s), 0 hit(s), 0 error(s), 0 left on base; Harrisburg 2 - Louisiana 5
BOTTOM OF THE 8TH
Louisiana Dragoons batting - Pitching for Harrisburg Harriers : LHP Rob Smith
Batting: LHB Javier Antonio 0-0: Called Strike
0-1: Foul Ball, location: 2F
0-2: Strikes out swinging
Batting: LHB Gustavo Vázquez 0-0: Ball
1-0: Called Strike
1-1: Foul Ball, location: 2F
1-2: Strikes out swinging
Batting: RHB Ralph McKnight 0-0: Called Strike
0-1: Fly out, F9 (Flyball, 89M)
Bottom of the 8th over - 0 run(s), 0 hit(s), 0 error(s), 0 left on base; Harrisburg 2 - Louisiana 5
TOP OF THE 9TH
Harrisburg Harriers batting - Pitching for Louisiana Dragoons : RHP Ben Fleming
Now at C: Al Thomas
Batting: RHB Bartolo Benítez 0-0: Called Strike
0-1: Called Strike
0-2: Ball
1-2: Foul Ball, location: 2F
1-2: SINGLE (Groundball, 34D)
Pitching: RHP Javier Hernández
Batting: RHB Patrizio Vanali 0-0: Foul Ball, location: 2F
0-1: Called Strike
0-2: Ball
1-2: Ball
2-2: Strikes out looking
Batting: RHB Bartolo Morales 0-0: Called Strike
0-1: Ground out 6-3 (Groundball, 6MS)
Bartolo Benítez to second
Batting: RHB Keith MacKey 0-0: Ball
1-0: Ball
2-0: Foul Ball, location: 2F
2-1: Foul Ball, location: 2F
2-2: Strikes out swinging
Top of the 9th over - 0 run(s), 1 hit(s), 0 error(s), 1 left on base; Harrisburg 2 - Louisiana 5
This league is powered by Out of the Park Baseball, the baseball management simulation game for PC, Mac and Linux
Friday, October 23rd, 2015 - OOTP Baseball 16.9 Build 39